 Dungeon Crawl Stone Soup version 0.28-a0-604-g249bb1af34 (webtiles) character file.

Game seed: 31363576850030496

1706 Gargoyl the Skirmisher (level 9, -4/99 (109) HPs)
             Began as a Gnoll Abyssal Knight on Oct 5, 2021.
             Was an Elder of Lugonu.
             Slain by a wight (8 damage)
             ... on level 6 of the Dungeon.
             The game lasted 00:07:19 (4692 turns).

Gargoyl the Skirmisher (Gnoll Abyssal Knight)       Turns: 4692, Time: 00:07:20

HP:   -4/99 (109)   AC: 19    Str: 21 (22) XL:     9   Next: 3%
MP:   14/14         EV:  9    Int: 17 (19) God:    Lugonu [****..]
Gold: 284           SH:  0    Dex: 12      Spells: 15/15 levels left

rFire   . . .      SeeInvis +   x - +2 war axe of Beyond {elec, rPois Str+5 Int+4}
rCold   . . .      Faith    .   (no shield)
rNeg    . . .      Spirit   .   y - +0 chain mail
rPois   +          Reflect  .   t - +0 mask of the Dragon {Will+ Slay+3 SInv}
rElec   .          Harm     .   d - +2 cloak {rPois}
rCorr   .          Rampage  .   (no gloves)
Will    +....                   c - +1 pair of boots
Stlth   ..........              e - amulet of regeneration
HPRegen 1.26/turn               m - +4 ring of protection
MPRegen 0.14/turn               k - +6 ring of intelligence

@: berserking, studying Shields, drained, very quick
A: fangs 1, strong nose, distributed training, deterioration 1
a: Renounce Religion, Depart the Abyss, Bend Space, Banish, Corrupt


You were on level 6 of the Dungeon.
You worshipped Lugonu.
Lugonu was greatly pleased with you.
You visited 1 branch of the dungeon, and saw 6 of its levels.
You visited the Abyss 1 time.

You collected 284 gold pieces.

Inventory:

Hand Weapons
 a - a +1 hand axe of freezing
 u - a +0 vorpal war axe
 x - the +2 war axe of Beyond (weapon) {elec, rPois Str+5 Int+4}
   (You found it on level 5 of the Dungeon)

   It occasionally discharges a powerful burst of electricity upon striking a
   foe.
   Str:       It affects your strength (+5).
   Int:       It affects your intelligence (+4).
   rPois:     It protects you from poison.
Armour
 c - a +1 pair of boots (worn)
 d - a +2 cloak of poison resistance (worn)
 t - the +0 mask of the Dragon (worn) {Will+ Slay+3 SInv}
   (You found it on level 5 of the Dungeon)

   Slay:      It affects your accuracy & damage with ranged weapons and melee
   (+3).
   SInv:      It lets you see invisible.
   Will:      It increases your willpower.
 y - a +0 chain mail (worn)
Jewellery
 e - an amulet of regeneration (around neck)
 h - a ring of see invisible
 k - a +6 ring of intelligence (right hand)
 m - a +4 ring of protection (left hand)
 v - an amulet of the acrobat
Wands
 o - a wand of iceblast (9)
Scrolls
 f - a scroll of teleportation
 p - 2 scrolls of amnesia
Potions
 g - 2 potions of attraction {unknown}
 i - a potion of curing
 l - 2 potions of magic {unknown}
 q - a potion of flight {unknown}
 r - a potion of resistance {unknown}
 z - a potion of mutation {unknown}


   Skills:
 + Level 7.6 Fighting
 + Level 3.8 Short Blades
 + Level 3.8 Long Blades
 + Level 6.0 Axes
 + Level 3.8 Maces & Flails
 + Level 3.8 Polearms
 + Level 3.8 Staves
 + Level 3.8 Slings
 + Level 3.8 Bows
 + Level 3.8 Crossbows
 + Level 3.8 Throwing
 + Level 6.0 Armour
 + Level 4.6 Dodging
 + Level 3.8 Stealth
 + Level 4.5 Shields
 + Level 3.8 Unarmed Combat
 + Level 3.8 Spellcasting
 + Level 3.1 Conjurations
 + Level 3.1 Hexes
 + Level 3.1 Summonings
 + Level 3.1 Necromancy
 + Level 3.1 Translocations
 + Level 3.1 Transmutations
 + Level 3.1 Fire Magic
 + Level 3.1 Ice Magic
 + Level 3.1 Air Magic
 + Level 3.1 Earth Magic
 + Level 3.1 Poison Magic
 + Level 6.3 Invocations
 + Level 3.8 Evocations


You had 15 spell levels left.
You didn't know any spells.
Your spell library contained the following spells:

 Spells                   Type           Power      Damage    Failure   Level
 Freeze                   Ice            52%        1d7       34%         1
 Corpse Rot               Necr/Air       N/A        N/A       47%         2
 Poisonous Vapours        Pois/Air       26%        N/A       47%         2
 Freezing Cloud           Conj/Ice/Air   6%         6-21      100%        5
 Conjure Ball Lightning   Conj/Air       6%         3x3d6     100%        6


Dungeon Overview and Level Annotations

Branches:
Dungeon (6/15)             Temple (0/1) D:5

Altars:
Trog

Shops:
D:5 (


Innate Abilities, Weirdness & Mutations

You have very sharp teeth.
Your uncanny sense of smell can sniff out nearby items.
Your experience applies equally to all skills.
Your body sometimes deteriorates upon taking damage.


Message History

p - 2 scrolls of amnesia (gained 1)
You see here a +0 mace.
A wight comes into view. It is wielding a +6 halberd.
A wight is nearby!
A wight is nearby! 2 wights come into view.
The wight hits you with a +6 halberd! The wight hits you but does no damage.
You hit the wight.
The wight is lightly damaged.
The wight hits you from afar with a +6 halberd!
Your body deteriorates!
You feel dopey.
You feel drained. The wight hits you but does no damage.
The wight hits you from afar with a +6 halberd!
You barely miss the wight.
The wight is lightly damaged.
The wight hits you with a +4 battleaxe!
The wight hits you from afar with a +6 halberd!
Your body deteriorates!
You feel weakened.
You feel drained.
* * * LOW HITPOINT WARNING * * *
The wight hits you with a +4 battleaxe!
* * * LOW HITPOINT WARNING * * *
Your body deteriorates!
You feel dopey.
You feel drained.
You feel better.
The wight hits you but does no damage. x2
A red film seems to cover your vision as you go berserk!
You feel yourself moving faster!
You feel mighty!
The wight hits you from afar with a +6 halberd!
* * * LOW HITPOINT WARNING * * *
You feel drained.
* * * LOW HITPOINT WARNING * * *
The wight hits you with a +4 battleaxe!
* * * LOW HITPOINT WARNING * * *
You are too berserk!
You hit the wight but do no damage. Lightning courses through the wight!
You destroy the wight!
Lugonu accepts your kill. The wight hits you with a +6 halberd!
You die...

..... .... ##...
#...### #.....#
#.....# #$....#
.. #zz...# .
#@###########
###.# #.....###
#...#####.......#
#...............#
#+
#...#####.......#
#. #...#
##+#....# #.
#...#
##.#....###.
#####
#...........
#..........#


You could see 2 wights.

Vanquished Creatures
  Pikel (D:5)
  Grinder (D:5)
  Prince Ribbit (D:5)
  A water moccasin (D:4)
  A necrophage (D:5)
  A centaur (D:6)
  2 lemures (D:5)
  A wight (D:6)
  A bullfrog zombie (D:5)
  3 hounds
  A bullfrog skeleton (D:5)
  An orc priest (D:3)
  Crazy Yiuf (D:2)
  A centaur skeleton (D:6)
  5 orc wizards
  A hound skeleton (D:4)
  3 gnolls (D:4)
  8 adders
  An adder skeleton (D:4)
  5 worms
  2 dart slugs
  17 orcs
  8 bats
  4 endoplasms
  4 giant cockroaches
  4 goblins
  9 hobgoblins
  2 quokkas
  6 ball pythons
  5 frilled lizards
  4 kobolds
  6 rats
  A lurking horror (Abyss:3)
112 creatures vanquished.

Notes
Turn   | Place    | Note
-------+----------+-------------------------------------------
     0 | Abyss:1  | Gargoyl the Gnoll Abyssal Knight began the quest for the
                  | Orb.
     0 | Abyss:1  | Reached XP level 1. HP: 23/23 MP: 3/3
     0 | Abyss:1  | Found a corrupted altar of Lugonu.
    14 | Abyss:1  | Noticed a thrashing horror
    62 | Abyss:1  | Noticed a small abomination
    70 | Abyss:1  | Noticed a neqoxec
    74 | Abyss:1  | Gained mutation: Your body sometimes deteriorates upon
                  | taking damage. [a neqoxec]
    76 | Abyss:1  | Noticed a sixfirhy
   172 | Abyss:4  | Noticed a meliai
   172 | Abyss:4  | Noticed a wretched star
   172 | Abyss:4  | Noticed a green very ugly thing
   172 | Abyss:4  | Noticed a meliai
   173 | D:1      | Escaped the Abyss
   364 | D:1      | Got the Disquisition on Air and the Snowflakes
   472 | D:1      | Reached * piety under Lugonu
   515 | D:1      | Found a faded altar of an unknown god.
   669 | D:1      | Reached XP level 2. HP: 29/29 MP: 5/5
  1075 | D:2      | Reached XP level 3. HP: 35/35 MP: 6/6
  1221 | D:2      | Found a runed translucent door.
  1222 | D:2      | Noticed Crazy Yiuf
  1450 | D:2      | Reached skill level 1 in Short Blades
  1450 | D:2      | Reached skill level 1 in Long Blades
  1450 | D:2      | Reached skill level 1 in Maces & Flails
  1450 | D:2      | Reached skill level 1 in Polearms
  1450 | D:2      | Reached skill level 1 in Staves
  1450 | D:2      | Reached skill level 1 in Slings
  1450 | D:2      | Reached skill level 1 in Bows
  1450 | D:2      | Reached skill level 1 in Crossbows
  1450 | D:2      | Reached skill level 1 in Throwing
  1450 | D:2      | Reached skill level 1 in Stealth
  1450 | D:2      | Reached skill level 1 in Shields
  1450 | D:2      | Reached skill level 1 in Unarmed Combat
  1450 | D:2      | Reached skill level 1 in Spellcasting
  1450 | D:2      | Reached skill level 1 in Evocations
  1571 | D:2      | Reached XP level 4. HP: 41/41 MP: 7/7
  1585 | D:2      | Reached ** piety under Lugonu
  1795 | D:2      | Killed Crazy Yiuf
  1796 | D:2      | Reached skill level 1 in Conjurations
  1796 | D:2      | Reached skill level 1 in Hexes
  1796 | D:2      | Reached skill level 1 in Summonings
  1796 | D:2      | Reached skill level 1 in Necromancy
  1796 | D:2      | Reached skill level 1 in Translocations
  1796 | D:2      | Reached skill level 1 in Transmutations
  1796 | D:2      | Reached skill level 1 in Fire Magic
  1796 | D:2      | Reached skill level 1 in Ice Magic
  1796 | D:2      | Reached skill level 1 in Air Magic
  1796 | D:2      | Reached skill level 1 in Earth Magic
  1796 | D:2      | Reached skill level 1 in Poison Magic
  1929 | D:3      | Reached XP level 5. HP: 34/47 MP: 8/8
  2556 | D:4      | Noticed a water moccasin
  2568 | D:4      | Killed a water moccasin
  2569 | D:4      | Reached skill level 5 in Invocations
  2569 | D:4      | Reached XP level 6. HP: 53/53 MP: 9/9
  2634 | D:4      | Reached *** piety under Lugonu
  2648 | D:4      | Reached skill level 5 in Axes
  2648 | D:4      | Reached skill level 5 in Armour
  3374 | D:5      | Entered Level 5 of the Dungeon
  3422 | D:5      | Noticed Pikel
  3422 | D:5      | Found the +0 mask of the Dragon {Will+ Slay+3 SInv}
  3436 | D:5      | Killed Pikel
  3437 | D:5      | Reached skill level 7 in Fighting
  3437 | D:5      | Reached XP level 7. HP: 46/60 MP: 9/11
  3563 | D:5      | Reached XP level 8. HP: 67/67 MP: 12/12
  3651 | D:5      | Noticed Grinder
  3662 | D:5      | Killed Grinder
  3680 | D:5      | Noticed Prince Ribbit
  3702 | D:5      | Killed Prince Ribbit
  3811 | D:5      | Found a bloodstained altar of Trog.
  3912 | D:5      | Identified the +2 war axe of Beyond {elec, rPois Str+5
                  | Int+4}
  4141 | D:5      | Found a staircase to the Ecumenical Temple.
  4162 | D:5      | Found Ugatutai's Antique Weapon Shoppe.
  4426 | D:6      | Reached **** piety under Lugonu
  4427 | D:6      | Reached XP level 9. HP: 61/72 MP: 14/14
  4690 | D:6      | HP: 2/96 [wight (10)]
  4692 | D:6      | Slain by a wight

Illustrated notes

Levels and vault maps discovered:
D:1:      onia_arrival_mini_spirals, layout_loops_ring,
          shapermc_ecumenical_altar_hornbeckon, minmay_tall_x
D:2:      layout_basic, uniq_crazy_yiuf_cottage
D:3:      layout_basic, minmay_misc_feat_diagonals, eino_tiny_chamber
D:4:      layout_basic
D:5:      layout_loops_ring, trog_three_pillars_becter,
          minmay_temple_entry_butterflies, serial_shops, shop,
          serial_park_tiny_1, minivault_5, uniq_grinder, uniq_prince_ribbit1,
          uniq_pikel
D:6:      layout_basic, uniq_edmund

Skill      XL: |  1  2  3  4  5  6  7  8 |
---------------+-------------------------+-----
Short Blades   | 1 2 3 |  3.8
Long Blades    | 1 2 3 |  3.8
Maces & Flails | 1 2 3 |  3.8
Polearms       | 1 2 3 |  3.8
Staves         | 1 2 3 |  3.8
Slings         | 1 2 3 |  3.8
Bows           | 1 2 3 |  3.8
Crossbows      | 1 2 3 |  3.8
Throwing       | 1 2 3 |  3.8
Stealth        | 1 2 3 |  3.8
Shields        | 1 2 4 |  4.5
Unarmed Combat | 1 2 3 |  3.8
Spellcasting   | 1 2 3 |  3.8
Evocations     | 1 2 3 |  3.8
Conjurations   | 1 2 3 |  3.1
Hexes          | 1 2 3 |  3.1
Summonings     | 1 2 3 |  3.1
Necromancy     | 1 2 3 |  3.1
Translocations | 1 2 3 |  3.1
Transmutations | 1 2 3 |  3.1
Fire Magic     | 1 2 3 |  3.1
Ice Magic      | 1 2 3 |  3.1
Air Magic      | 1 2 3 |  3.1
Earth Magic    | 1 2 3 |  3.1
Poison Magic   | 1 2 3 |  3.1
Dodging        | 3 4 |  4.6
Invocations    | 5 6 |  6.3
Axes           | 5 6 |  6.0
Armour         | 5 6 |  6.0
Fighting       | 7 |  7.6

Action                   |  1- 3 |  4- 6 |  7- 9 || total
-------------------------+-------+-------+-------++-------
Melee: Hand axe          |    91 |    11 |       ||   102
       Bite              |     5 |    15 |     9 ||    29
       Quarterstaff      |       |   161 |    48 ||   209
       War axe           |       |       |    48 ||    48
       Punch             |       |       |     1 ||     1
Invok: Depart the Abyss  |     1 |       |       ||     1
  Use: Scroll            |     6 |     3 |     5 ||    14
       Potion            |       |     3 |     2 ||     5
Armor: Leather armour    |    10 |       |       ||    10
       Ring mail         |    28 |   114 |    33 ||   175
       Skin              |       |     1 |       ||     1
       Chain mail        |       |       |    19 ||    19
Dodge: Dodged            |    76 |   132 |    63 ||   271

Table legend: (Time is in decaauts)
 A = Elapsed time spent in this place.
 B = Non-inter-level travel time spent in this place.
 C = Inter-level travel time spent in this place.
 D = Time resting spent in this place.
 E = Time spent auto-exploring this place.
 F = Levels seen in this place.
 G = Mean time per level.
                   A        B        C        D        E       F      G
               +--------+--------+--------+--------+--------+-----+--------+
         Total |   4755 |   4575 |    180 |     65 |   3362 |  10 |  475.5 |
       Dungeon |   4583 |   4403 |    180 |     65 |   3286 |   6 |  763.8 |
         Abyss |    172 |    172 |      0 |      0 |     76 |   4 |   43.0 |
               +--------+--------+--------+--------+--------+-----+--------+

Top non-repeatable levels by time:
     D:5: 937 daAuts
     D:4: 928 daAuts
     D:1: 869 daAuts
     D:2: 803 daAuts
     D:3: 642 daAuts
     D:6: 402 daAuts
 Abyss:1: 80 daAuts
 Abyss:3: 51 daAuts
 Abyss:2: 39 daAuts
 Abyss:4: 0 daAuts
